 Dungeon Sprint DCSS version 0.30.1-11-g7821555f0a (webtiles) character file.

Game seed: 15843731568683834921

659 Heoruswealwe the Spear-Bearer (level 7, -1/72 HPs)
             Began as a Minotaur Fighter on Nov 3, 2023.
             Was an Initiate of Gozag.
             Slain by an orc wizard
             ... wielding a +0 dagger
              (3 damage)
             ... in the Dungeon (Sprint IX: "|||||||||||||||||||||||||||||").
             The game lasted 00:01:59 (130 turns).

Heoruswealwe the Spear-Bearer (Minotaur Fighter)     Turns: 130, Time: 00:02:00

Health: -1/72      AC:  8    Str: 22    XL:     7   Next: 30%
Magic:  6/6        EV:  9    Int:  5    God:    Gozag
Gold:   315        SH:  4    Dex: 10    Spells: 6/6 levels left

rFire   . . .        a - +0 trident
rCold   . . .        d - +0 buckler
rNeg    . . .        c - +0 scale mail
rPois   .            (helmet restricted)
rElec   .            (no cloak)
rCorr   .            (no gloves)
SInv    .            (no boots)
Will    .....        (no amulet) Stlth
                     (no ring)
HPRegen 0.32/turn    (no ring)
MPRegen 0.10/turn

%: no teleportation
@: gold aura
A: horns 2, retaliatory headbutt
a: Renounce Religion, Potion Petition, Call Merchant, Bribe Branch


You were in the Dungeon.
You worshipped Gozag.
Gozag was aware of your devotion.
You visited 1 branch You collected 315 gold pieces.

Inventory:

Hand Weapons
 a - a +0 trident (weapon)
Armour
 c - a +0 scale mail (worn)
 d - a +0 buckler (worn)
Jewellery
 k - a +3 ring of strength
 l - a +2 ring of protection
Wands
 j - a wand of acid (10)
Scrolls
 h - a scroll of blinking
Potions
 b - a potion of might
 e - 2 potions of heal wounds
 f - 4 potions of curing
 g - a potion of haste
 i - a potion of berserk rage


   Skills:
 + Level 10.2 Fighting
 * Level 13.5 Polearms
 + Level 10.2 Armour
 - Level 3.6 Shields


You had 6 spell levels left.
You didn't know any spells.
Your spell library was empty.

Dungeon Overview and Level Annotations

Branches:
Dungeon (1/1)

Altars:
Cheibriados
Dithmenos
Elyvilon
Fedhas
Gozag
Hepliaklqana
Kikubaaqudgha
Makhleb
Nemelex Xobeh
Okawaru
Qazlal
Ru
Sif Muna
Trog
Uskayaw
Vehumet
Wu Jian
Xom
Yredelemnul
Zin
The Shining One
Jiyva
Lugonu


Innate Abilities, Weirdness & Mutations

You have a pair of horns on your head.
You reflexively headbutt those who attack you in melee.


Message History

Unknown command.
You hit something. You hit something. Something hits you but does no damage.
You miss something. Your headbutt misses something.
You hear some strange, mumbled words.
Something tries to affect you, but you resist.
You hit something but do no damage. You closely miss something.
Your headbutt misses something. Something hits you but does no damage.
You barely miss something. Something hits you but does no damage.
You closely miss something. You miss something.
Something hits you but does no damage.
You miss something. Your headbutt misses something.
Something hits you but does no damage.
You closely miss something. Your headbutt misses something.
You hear some strange, mumbled words.
A puff of flame appears from out of thin air!
The puff of flame hits you but does no damage.
You puncture something!
Reactivating autopickup.
You feel a bit more experienced.
You have reached level 7!
The wraith hits you.
* * * LOW HITPOINT WARNING * * *
Things that are here:
63 gold pieces; a +0 dagger; a +0 robe You puncture the wraith!
The wraith is heavily damaged.
The wraith barely misses you. You furiously retaliate!
You headbutt the wraith. You hit the wraith but do no damage.
You headbutt the wraith!
You destroy the wraith!
Your Fighting skill increases to level 10!
Your Polearms skill increases to level 13!
Your Armour skill increases to level 10!
Deactivating autopickup; reactivate with Ctrl-A.
You puncture something! You completely miss something.
Your headbutt misses something. Something hits you.
You die...
Your body crumbles into a pile of gold.

▓+▓
▓.▓
$
▓.▓
$
▓.▓
$ $
▓.▓
$
▓$▓
$ $
▓@▓
▓$▓
$
▓.▓
▓.▓
$
▓[▓
▓[▓
$
▓[▓
▓.▓
$
▓)▓
$


There were no monsters in sight!

Vanquished Creatures
  A wraith (D)
  A yak (D)
  A water moccasin (D)
  An orc warrior (D)
  A scorpion (D)
  A killer bee (D)
  A jelly (D)
  An orc wizard (D)
  An ufetubus (D)
  2 goblins (D)
  2 jackals (D)
  2 rats (D)
15 creatures vanquished.

Notes
Turn   | Place    | Note
-------+----------+-------------------------------------------
     0 | D        | Heoruswealwe the Minotaur Fighter began the quest for the
                  | Orb.
     0 | D        | Reached XP level 1. HP: 19/19 MP: 0/0
     8 | D        | Reached skill level 3 in Polearms
    25 | D        | Noticed a scorpion
    25 | D        | Noticed a jelly
    25 | D        | Noticed a water moccasin
    29 | D        | Found a snail-covered altar of Cheibriados.
    29 | D        | Found a shadowy altar of Dithmenos.
    29 | D        | Found a white marble altar of Elyvilon.
    29 | D        | Found a blossoming altar of Fedhas.
    29 | D        | Found an opulent altar of Gozag.
    30 | D        | Found a hazy altar of Hepliaklqana.
    31 | D        | Found a viscous altar of Jiyva.
    32 | D        | Found an ancient bone altar of Kikubaaqudgha.
    33 | D        | Found a corrupted altar of Lugonu.
    34 | D        | Found a burning altar of Makhleb.
    35 | D        | Found a sparkling altar of Nemelex Xobeh.
    36 | D        | Found an iron altar of Okawaru.
    37 | D        | Became a worshipper of Gozag Ym Sagoz the Greedy
    39 | D        | Reached skill level 4 in Polearms
    39 | D        | Reached XP level 2. HP: 23/28 MP: 1/1
    42 | D        | Killed a scorpion
    43 | D        | Reached skill level 5 in Fighting
    43 | D        | Reached skill level 7 in Polearms
    43 | D        | Reached XP level 3. HP: 32/37 MP: 2/2
    43 | D        | Reached XP level 4. HP: 38/44 MP: 3/3
    44 | D        | Reached skill level 8 in Polearms
    58 | D        | Killed a water moccasin
    59 | D        | Reached skill level 10 in Polearms
    59 | D        | Reached XP level 5. HP: 17/53 MP: 4/4
    66 | D        | Found a stormy altar of Qazlal.
    67 | D        | Found a sacrificial altar of Ru.
    68 | D        | Found a shimmering blue altar of Sif Muna.
    69 | D        | Found a bloodstained altar of Trog.
    70 | D        | Found a hide-covered altar of Uskayaw.
    71 | D        | Found a radiant altar of Vehumet.
    72 | D        | Found an ornate altar of the Wu Jian Council.
    73 | D        | Found a shimmering altar of Xom.
    74 | D        | Found a basalt altar of Yredelemnul.
    75 | D        | Found a glowing silver altar of Zin.
    76 | D        | Found a glowing golden altar of the Shining One.
   100 | D        | Noticed a wraith
   100 | D        | Noticed an orc warrior
   100 | D        | Noticed a yak
   103 | D        | Killed a yak
   104 | D        | Reached skill level 11 in Polearms
   104 | D        | Reached XP level 6. HP: 23/62 MP: 5/5
   106 | D        | Reached skill level 12 in Polearms
   111 | D        | Killed an orc warrior
   113 | D        | HP: 1/64 [something (3)]
   126 | D        | Reached XP level 7. HP: 4/71 MP: 6/6
   126 | D        | HP: 1/71 [wraith (3)]
   128 | D        | Killed a wraith
   129 | D        | Reached skill level 10 in Fighting
   129 | D        | Reached skill level 13 in Polearms
   129 | D        | Reached skill level 10 in Armour
   130 | D        | Slain by an orc wizard

Illustrated notes

Levels and vault maps discovered:
D:        linesprint [early_d, line_temple, items_1, d_10, items_2, lair_1,
          lair_end, items_3, orc_1, orc_end, items_4, d_15, swamp_1, shoals_1,
          snake_1, spider_1, d_20, vaults_1, items_5, swamp_end, shoals_end,
          snake_end, spider_end, vaults_end, d_27, items_6, zot_1, zot_end,
          crypt_end, forest_end, elf_end, slime_end, tomb_end, abyss_end,
          pan_hell_end]

Skill      XL: |  1  2  3  4  5  6  7 |
---------------+----------------------+-----
Polearms       | 4 7 10 11 12 13 | 13.5
Fighting       | 4 5 7 8 9 10 | 10.2
Armour         | 4 6 7 9 10 | 10.2
Shields        | |  3.6

Action                     |  1- 3 |  4- 6 |  7- 9 || total
---------------------------+-------+-------+-------++-------
  Melee: Trident           |    20 |    42 |     4 ||    66
         Headbutt          |     1 |     3 |     1 ||     5
    Use: Scroll            |     1 |       |       ||     1
         Potion            |       |     2 |       ||     2
 Armour: Scale mail        |    14 |    11 |       ||    25
  Dodge: Dodged            |    18 |    10 |     1 ||    29
  Block: Buckler           |     8 |     4 |       ||    12
